 Dungeon Crawl Stone Soup version 0.27.1-33-g824d729ab1 (webtiles) character file.

Game seed: 11151828630526827363

753 pkoi the Insei (level 7, -8/57 HPs)
             Began as a White Draconian Monk on Dec 9, 2021.
             Was a Believer of Dithmenos.
             Killed by divine providence
             ... invoked by an orc priest
              (13 damage)
             ... on level 4 of the Dungeon.
             The game lasted 00:10:12 (6229 turns).

pkoi the Insei (White Draconian Monk)               Turns: 6229, Time: 00:10:12

Health: -8/57      AC:  6    Str: 13    XL:     7   Next: 49%
Magic:  7/7        EV: 13    Int: 13    God:    Dithmenos [**....]
Gold:   145        SH:  0    Dex: 13    Spells: 6/6 levels left

rFire    + . .     SeeInvis .   h - +2 dagger (venom)
rCold    + . .     Faith    .   (no shield)
rNeg     . . .     Spirit   .   (armour unavailable)
rPois    .         Reflect  .   (helmet restricted)
rElec    .         Harm     .   (no cloak)
rCorr    .         Rampage  .   (no gloves)
Will     .....                  (no boots)
Stlth    +++.......             (no amulet)
HPRegen  0.19/turn              k - ring of protection from fire
MPRegen  0.10/turn              (no ring)

@: wreathed by umbra
A: breathe frost, AC +6, unfitting armour, cold resistance 1, cold-blooded
a: Breathe Frost, Renounce Religion, Shadow Step


You were on level 4 of the Dungeon.
You worshipped Dithmenos.
Dithmenos was pleased with you.
You visited 1 branch of the dungeon, and saw 5 of its levels.

You collected 145 gold pieces.

Inventory:

Hand Weapons
 h - a +2 dagger of venom (weapon)
 i - a +1 dagger of speed
Missiles
 b - 2 boomerangs (quivered)
Jewellery
 k - a ring of protection from fire (left hand)
Scrolls
 d - 3 scrolls of identify {unknown}
 e - a scroll of enchant weapon
 g - a scroll of amnesia
Potions
 a - 2 potions of attraction {unknown}
 c - 3 potions of curing {unknown}
 j - 2 potions of flight {unknown}


   Skills:
 - Level 3.2 Fighting
 + Level 4.3 Dodging
 + Level 3.8 Stealth
 * Level 7.2 Unarmed Combat


You had 6 spell levels left.
You didn't know any spells.
Your spell library contained the following spells:

 Spells                   Type           Power      Damage    Failure   Level
 Slow                     Hex            0%         N/A       43%         2
 Confusing Touch          Hex            0%         N/A       67%         3
 Vampiric Draining        Necr           0%         2d6       67%         3


Dungeon Overview and Level Annotations

Branches:
Dungeon (5/15)
 Temple: D:4-7

Altars:
Dithmenos

Shops:
D:2 *(*

Annotations:
D:3 2 runed translucent doors, AgateBread's ghost, amateur DsAK; Purgy


Innate Abilities, Weirdness & Mutations

You can breathe waves of freezing cold which knock back foes.
Your icy white scales are hard. (AC +6)
You cannot fit into any form of body armour.
Your flesh is cold resistant. (rC+)
You are cold-blooded and may be slowed by cold attacks.


Message History

The orc shouts! x2; The orc warrior shouts!
The gnoll shouts!
The orc priest shouts!
The gnoll shouts!
You hear a shout!
A gnoll sergeant comes into view. It is wielding a +1 spear of venom.
The gnoll closely misses you.
The orc priest shouts!
Found five items.
There is a stone staircase leading up here.
The gnoll closely misses you. The orc warrior barely misses you.
The orc priest misses you. The orc barely misses you.
You climb upwards.
There is a stone staircase leading down here.
Unknown command.
Unknown command.
You hit the gnoll.
The gnoll is moderately wounded.
The gnoll misses you.
The orc warrior hits you with a +0 war axe!
You closely miss the gnoll.
Your tail-slap misses the gnoll.
The gnoll is moderately wounded.
The gnoll misses you. The orc warrior misses you.
You hit the gnoll.
The gnoll is poisoned.
Your tail-slap misses the gnoll.
The gnoll is moderately wounded.
The gnoll hits you with a +0 flail.
The orc warrior hits you with a +0 war axe.
You hit the gnoll.
The gnoll looks as sick as possible!
The gnoll is almost dead.
The gnoll barely misses you.
The orc warrior hits you with a +0 war axe!
You hit the gnoll.
You kill the gnoll!
Dithmenos accepts your kill.
The orc warrior hits you with a +0 war axe!
* * * LOW HITPOINT WARNING * * *
Unknown command.
The orc warrior hits you with a +0 war axe!
* * * LOW HITPOINT WARNING * * *
You see here a +0 flail.
The orc priest mumbles some strange prayers to Beogh against you.
Beogh smites you!
You die...

######### #.......# #####.#####.#
#.....#####.# #.....##....#
##.....##.###################
...............(@o.o......)>#
##....#.#.#################.###
#....#..........# #...###
#.........#####.# #.#....
##...........###.##########......
..........<....[............#...#
.).#..#.##.#........#.####.######
[.......##.)..#......[#.#....###.
#....####...........#.#....###.##


You could see an orc warrior and an orc priest.

Vanquished Creatures
  A yak (D:3)
  2 ogres (D:4)
  A gnoll sergeant (D:4)
  A centaur skeleton (D:5)
  A hound (D:4)
  2 iguanas
  2 orc wizards (D:3)
  Robin (D:2)
  2 gnolls (D:4)
  6 adders
  2 ufetubi (D:4)
  A worm (D:3)
  4 dart slugs
  8 orcs
  6 endoplasms
  5 giant cockroaches
  16 goblins
  7 hobgoblins
  12 jackals
  6 quokkas
  4 ball pythons
  8 bats
  2 frilled lizards
  8 kobolds
  4 rats
112 creatures vanquished.

Notes
Turn   | Place    | Note
-------+----------+-------------------------------------------
     0 | D:1      | pkoi the Draconian Monk began the quest for the Orb.
     0 | D:1      | Reached XP level 1. HP: 19/19 MP: 1/1
   662 | D:1      | Reached XP level 2. HP: 26/26 MP: 2/2
   733 | D:1      | Found a faded altar of an unknown god.
  1300 | D:2      | Reached skill level 4 in Unarmed Combat
  1386 | D:2      | Found Zueghug's Antique Weapon Shop.
  1397 | D:2      | Reached XP level 3. HP: 27/31 MP: 3/3
  1468 | D:2      | Found Topres's General Store.
  1555 | D:2      | Found Ysseos's General Store.
  1836 | D:2      | Reached XP level 4. HP: 38/38 MP: 4/4
  1885 | D:2      | Reached skill level 5 in Unarmed Combat
  2353 | D:3      | Noticed Robin
  2502 | D:2      | Killed Robin
  2569 | D:3      | Found a shadowy altar of Dithmenos.
  2590 | D:3      | Became a worshipper of Dithmenos the Shadowed
  2590 | D:3      | Reached * piety under Dithmenos
  2590 | D:3      | Reached ** piety under Dithmenos
  2758 | D:3      | Found a large runed translucent door.
  2759 | D:3      | Found a large runed translucent door.
  2761 | D:3      | Noticed AgateBread's ghost (amateur DsAK)
  3150 | D:3      | Noticed Purgy
  3156 | D:3      | Reached XP level 5. HP: 45/45 MP: 5/5
  4407 | D:4      | Noticed an ogre
  4423 | D:4      | Killed an ogre
  4424 | D:4      | Reached skill level 6 in Unarmed Combat
  4424 | D:4      | Reached XP level 6. HP: 51/51 MP: 6/6
  5206 | D:5      | Entered Level 5 of the Dungeon
  5208 | D:5      | Noticed a yak
  5215 | D:5      | Noticed a yak
  5218 | D:5      | Noticed a yak
  5218 | D:5      | Noticed a yak
  5220 | D:5      | Noticed a yak
  5661 | D:3      | Killed a yak
  5662 | D:3      | Reached skill level 7 in Unarmed Combat
  5662 | D:3      | Your scales start taking on an icy white colour.
  5662 | D:3      | Reached XP level 7. HP: 51/57 MP: 7/7
  5662 | D:3      | Gained mutation: Your flesh is cold resistant. (rC+) [White
                  | Draconian growth]
  6229 | D:4      | Killed from afar by an orc priest

Illustrated notes

Levels and vault maps discovered:
D:1:      amcnicky_arrival_single_pillar, layout_loops_ring, serial_rivers,
          chequers_serial_rivers_micro_e, chequers_serial_rivers_micro_e,
          chequers_serial_rivers_micro_d, chequers_serial_rivers_room_b,
          shapermc_ecumenical_altar_flowoftime, minivault_26, st_stairs_7,
          chequers_arboretum, minmay_misc_feat_rows
D:2:      layout_basic, serial_shops, shop, nicolae_shop_crystal, shop,
          minmay_close_crescents
D:3:      layout_basic, lemuel_tele_altar, ebering_ghost_disaster_area,
          uniq_purgy, uniq_robin
D:4:      layout_basic, minmay_between
D:5:      layout_rooms

Skill      XL: |  1  2  3  4  5  6 |
---------------+-------------------+-----
Unarmed Combat | 4 5 6 7 |  7.2
Dodging        | 3 4 |  4.3
Stealth        | 2 3 |  3.8
Fighting       | |  3.2

Action                   |  1- 3 |  4- 6 |  7- 9 || total
-------------------------+-------+-------+-------++-------
Melee: Unarmed           |   124 |   313 |       ||   437
       Tailslap          |    14 |    36 |     1 ||    51
       Punch             |       |     6 |       ||     6
       Dagger            |       |     3 |    19 ||    22
  Use: Scroll            |       |     3 |       ||     3
 Stab: Sleeping          |     5 |     7 |     1 ||    13
Armor: Skin              |    35 |    99 |     1 ||   135
Dodge: Dodged            |    81 |   269 |    17 ||   367
